 Dungeon Crawl Stone Soup version 0.27-a0-385-g3208abaabc (webtiles) character file.

Game seed: 10079223294115916801

914 hehateme the Chopper (level 8, 0/76 HPs)
             Began as a Naga Fighter on Feb 20, 2021.
             Was an Initiate of Yredelemnul.
             Killed from afar by an electric eel (9 damage)
             ... with a bolt of electricity
             ... on level 6 of the Dungeon.
             The game lasted 00:13:12 (5663 turns).

hehateme the Chopper (Naga Fighter)                 Turns: 5663, Time: 00:13:12

Health: 0/76       AC:  8    Str: 21    XL:     8   Next: 9%
Magic:  8/8        EV:  3    Int:  8    God:    Yredelemnul [......]
Gold:   315        SH:  9    Dex: 11    Spells: 7/7 levels left

rFire    . . .     SeeInvis +   a - +0 war axe
rCold    . . .     Faith    .   c - +0 kite shield
rNeg     . . .     Spirit   .   j - +0 chain mail
rPois    +         Reflect  .   k - +0 helmet
rElec    .         Harm     .   (no cloak)
rCorr    .         Rampage  .   (no gloves)
Will     +....                  (no barding)
Stlth    ..........             (no amulet)
HPRegen  0.22/turn              (no ring)
MPRegen  0.11/turn              (no ring)

@: hasted, quick
A: large, see invisible, deformed body, poison resistance, slowness 2, spit
poison 1, AC +2
a: Spit Poison, Renounce Religion


You were on level 6 of the Dungeon.
You worshipped Yredelemnul.
Yredelemnul was noncommittal.
You visited 1 branch of the dungeon, and saw 6 of its levels.

You collected 315 gold pieces.

Inventory:

Hand Weapons
 a - a +0 war axe (weapon)
Missiles
 l - 31 sling bullets
 m - 7 silver javelins
 q - 138 stones (quivered)
 r - 32 bolts
 t - a throwing net {=f}
 Q - 61 arrows
Armour
 b - a +0 scale mail
 c - a +0 kite shield (worn)
 j - a +0 chain mail (worn)
 k - a +0 helmet (worn)
 n - a +0 pair of boots
Jewellery
 d - a ring of protection from fire {unknown}
 v - a +6 ring of intelligence {unknown}
Wands
 y - a wand of paralysis (2)
 D - a wand of digging (3)
Scrolls
 e - 2 scrolls of teleportation {unknown}
 f - a scroll of random uselessness {unknown}
 g - 3 scrolls of amnesia {unknown}
 h - 8 scrolls of identify {unknown}
 w - a scroll of enchant weapon {unknown}
 x - 2 scrolls of fog {unknown}
 z - a scroll of magic mapping {unknown}
Potions
 i - a potion of magic {unknown}
 o - 3 potions of heal wounds {unknown}
 p - 2 potions of degeneration {unknown}
 s - 2 potions of attraction {unknown}
 u - 2 potions of haste
 A - a potion of curing {unknown}
 B - a potion of might


   Skills:
 + Level 5.6 Fighting
 * Level 7.2 Axes
 - Level 2.4 Armour
 - Level 2.4 Shields
 + Level 2.6 Evocations


You had 7 spell levels left.
You didn't know any spells.
Your spell library contained the following spells:

 Spells                   Type           Power        Failure   Level
 Corona                   Hex            0%           100%        1
 Freeze                   Ice            0%           100%        1
 Magic Dart               Conj           0%           100%        1
 Ensorcelled Hibernation  Hex/Ice        0%           100%        2
 Searing Ray              Conj           0%           100%        2
 Confusing Touch          Hex            0%           100%        3
 Dazzling Flash           Conj/Hex       0%           100%        3
 Frozen Ramparts          Ice            0%           100%        3
 Ozocubu's Armour         Ice            0%           100%        3
 Tukima's Dance           Hex            0%           100%        3
 Fulminant Prism          Conj/Hex       0%           100%        4
 Hailstorm                Conj/Ice       0%           100%        4
 Iskenderun's Mystic Bla  Conj/Tloc      0%           100%        4
 Summon Ice Beast         Ice/Summ       0%           100%        4


Dungeon Overview and Level Annotations

Branches:
Dungeon (6/15)             Temple (0/1) D:5

Altars:
Fedhas
Hepliaklqana
Makhleb
Wu Jian
Yredelemnul

Annotations:
D:3 1 runed translucent door, Crazy Yiuf
D:6 exclusion: door


Innate Abilities, Weirdness & Mutations

You cannot wear boots.
Your serpentine skin is tough. (AC +2)
You have supernaturally acute eyesight. (SInv)
Armour fits poorly on your strangely shaped body.
Your system is resistant to poisons. (rPois)
You cover ground very slowly.
You can spit poison.


Message History

The sky beast flickers out of sight for a moment.
The sky beast hits you but does no damage.
You miss the sky beast.
The sky beast hits you but does no damage.
You barely miss the sky beast. The sky beast barely misses you.
You block the sky beast's attack.
You closely miss the sky beast. The sky beast hits you.
The sky beast shocks you.
You take 10 damage, and have 39/67 hp.
You slash the sky beast!
You kill the sky beast!
You have reached level 8!
You feel stronger.
You regained 6 hp, and now have 45/76 hp.
MP restored: 8 The floor.
An electric eel is nearby!
You regained 5 hp, and now have 50/76 hp.
An electric eel is nearby!
Unknown command.
The electric eel shoots out a bolt of lightning at you!
The bolt of electricity hits you!
* * * LOW HITPOINT WARNING * * *
You take 13 damage, and have 37/76 hp.
The electric eel shoots out a bolt of lightning at you!
The bolt of electricity hits you!
* * * LOW HITPOINT WARNING * * *
The bolt of electricity hits you!
* * * LOW HITPOINT WARNING * * *
The bolt of electricity hits the electric eel.
The electric eel completely resists.
You take 20 damage, and have 18/76 hp.
GAME OVER YEAH!!
It was a potion of haste.
You feel yourself speed up.
The electric eel shoots out a bolt of lightning at you!
The bolt of electricity hits you!
* * * LOW HITPOINT WARNING * * *
The bolt of electricity hits you!
You die...
Your body rises from the dead as a mindless zombie.

#### ### ###
##..####≈≈############..
#.##.##.≈≈.#8...........
##.##.#.≈≈.#).#.........
#.###..≈≈.##)#.........
##.#.##.≈≈.##.#.........
#.##.##.≈≈!##.#.......<.
#.###†#@;≈.#8.#.........
#.###.#.≈≈.#..#.........
##.#.##.≈≈.##.###...##..
##.###.≈≈.##.###...##..
##.## #.≈≈.##.#......#..
#..# #.##
#.≈≈.#8.#......#..
#...###.##
#.≈≈.#..#......#..
#....###.#
#.≈≈.##.#......+..
#....# #.#
#.≈(.##.#.)....#..

Skill      XL: |  1  2  3  4  5  6  7 |
---------------+----------------------+-----
Axes           | 3 4 5 6 7 |  7.2
Fighting       | 4 5 |  5.6
Evocations     | 1 2 |  2.6
Armour         | |  2.4
Shields        | |  2.4

Notes
Turn   | Place    | Note
-------+----------+-------------------------------------------
     0 | D:1      | hehateme the Naga Fighter began the quest for the Orb.
     0 | D:1      | Reached XP level 1. HP: 21/21 MP: 1/1
    70 | D:1      | Reached XP level 2. HP: 19/28 MP: 2/2
   194 | D:1      | HP: 6/28 [jackal (3)]
   204 | D:1      | HP: 4/28 [hobgoblin/+0 club (2)]
   209 | D:1      | HP: 3/28 [frilled lizard (1)]
   210 | D:1      | Reached skill level 3 in Axes
   214 | D:1      | Reached XP level 3. HP: 4/34 MP: 3/3
  1425 | D:2      | Reached XP level 4. HP: 36/43 MP: 4/4
  1984 | D:2      | Found an ornate altar of the Wu Jian Council.
  2164 | D:2      | Found a burning altar of Makhleb.
  2336 | D:3      | Reached skill level 4 in Axes
  2474 | D:3      | Reached skill level 4 in Fighting
  2474 | D:3      | Reached XP level 5. HP: 28/50 MP: 5/5
  3000 | D:3      | Found a hazy altar of Hepliaklqana.
  3196 | D:3      | Found a basalt altar of Yredelemnul.
  3303 | D:3      | Found a blossoming altar of Fedhas.
  3404 | D:3      | Found a runed translucent door.
  3405 | D:3      | Noticed Crazy Yiuf
  3483 | D:3      | Became a worshipper of Yredelemnul the Dark
  3511 | D:4      | You fall into a shaft and drop 1 floor!
  3511 | D:5      | Entered Level 5 of the Dungeon
  3511 | D:5      | Noticed an ogre
  3519 | D:5      | Killed an ogre
  3520 | D:5      | Reached skill level 5 in Axes
  3520 | D:5      | Reached XP level 6. HP: 58/58 MP: 6/6
  3786 | D:5      | Found a staircase to the Ecumenical Temple.
  4430 | D:6      | Reached skill level 5 in Fighting
  4430 | D:6      | Reached skill level 6 in Axes
  4430 | D:6      | Reached skill level 1 in Evocations
  4430 | D:6      | Reached XP level 7. HP: 44/67 MP: 7/7
  5250 | D:6      | Reached skill level 2 in Evocations
  5565 | D:6      | Reached skill level 7 in Axes
  5636 | D:6      | Reached XP level 8. HP: 45/76 MP: 8/8
  5662 | D:6      | HP: 18/76 [electric eel/bolt of electricity (9)]
  5663 | D:6      | Killed from afar by an electric eel

Table legend: (Time is in decaauts)
 A = Elapsed time spent in this place.
 B = Non-inter-level travel time spent in this place.
 C = Inter-level travel time spent in this place.
 D = Time resting spent in this place.
 E = Time spent auto-exploring this place.
 F = Levels seen in this place.
 G = Mean time per level.
                   A        B        C        D        E       F      G
               +--------+--------+--------+--------+--------+-----+--------+
         Total |   7010 |   6755 |    255 |    469 |   5280 |   6 | 1168.3 |
       Dungeon |   7010 |   6755 |    255 |    469 |   5280 |   6 | 1168.3 |
               +--------+--------+--------+--------+--------+-----+--------+

Top non-repeatable levels by time:
     D:3: 1671 daAuts
     D:1: 1475 daAuts
     D:6: 1400 daAuts
     D:2: 1309 daAuts
     D:5: 1120 daAuts
     D:4: 34 daAuts

Table legend:
 A = Kills in this place as a percentage of kills in entire the game.
 B = Kills by you in this place as a percentage of kills by you in the entire game.
 C = Kills by friends in this place as a percentage of kills by friends in the entire game.
 D = Other kills in this place as a percentage of other kills in the entire game.
 E = Experience gained in this place as a percentage of experience gained in the entire game.
 F = Experience gained in this place divided by the number of levels of this place that you have seen.
                   A       B       C       D       E      F
               +-------+-------+-------+-------+-------+----------------------
         Total | 100.0 | 100.0 |   N/A |   N/A | 100.0 | 217.8
       Dungeon | 100.0 | 100.0 |   N/A |   N/A | 100.0 | 217.8
               +-------+-------+-------+-------+-------+----------------------

Action                   |  1- 3 |  4- 6 |  7- 9 || total
-------------------------+-------+-------+-------++-------
Melee: War axe           |   117 |   146 |    82 ||   345
Throw: Javelin           |       |     2 |       ||     2
       Throwing net      |       |     1 |       ||     1
       Stone             |       |     3 |     9 ||    12
 Abil: Spit Poison       |     6 |    14 |       ||    20
Evoke: Wand              |       |       |     3 ||     3
  Use: Potion            |     1 |       |     1 ||     2
 Stab: Paralysed         |       |       |     6 ||     6
Armor: Scale mail        |    72 |       |       ||    72
       Chain mail        |     9 |    86 |    57 ||   152
Dodge: Dodged            |    32 |    27 |    10 ||    69
Block: Kite shield       |    73 |    76 |    33 ||   182

Vanquished Creatures
  A sky beast (D:6)
  A centaur (D:6)
  2 ogres
  A bullfrog (D:6)
  2 scorpions (D:6)
  A hound (D:5)
  An orc priest (D:3)
  2 jellies (D:5)
  An orc wizard (D:4)
  3 worker ants (D:6)
  A gnoll (D:3)
  4 adders (D:3)
  A howler monkey skeleton (D:5)
  A white imp (D:5)
  An ufetubus (D:6)
  2 oozes
  An adder zombie (D:1)
  3 worms (D:2)
  A dart slug (D:3)
  8 leopard geckos
  8 orcs
  3 ball pythons
  6 bats
  A bat zombie (D:1)
  2 giant cockroaches (D:3)
  7 goblins
  5 hobgoblins
  6 jackals
  8 kobolds
  2 quokkas
  11 frilled lizards
  A quokka zombie (D:6)
  6 rats
104 creatures vanquished.

Vanquished Creatures (others)
  2 fungi (D:3)
  8 plants (D:1)
10 creatures vanquished.

Grand Total: 114 creatures vanquished You could see an electric eel.

Levels and vault maps discovered:
D:1:      saegor_arrival_fortress, layout_rooms, minmay_lizard_king
D:2:      minmay_wonky_spiral, layout_loops_ring, lemuel_coloured_pillars_altar,
          nzn_wu_jian_council_hall
D:3:      layout_loops_ring, lemuel_round_altar, marbit_many_paths,
          nzn_hepliaklqana_mist_gate, kennysheep_generic_room_14,
          uniq_crazy_yiuf_cottage
D:4:      minmay_diamond_boxcup, layout_loops_ring, lemuel_doored_altar,
          kennysheep_mini, uniq_pikel
D:5:      layout_loops_ring, temple_doors_e
D:6:      wad_river_or_something, layout_gridville, hex_tiny
